 Dungeon Crawl Stone Soup version 0.28.0 (webtiles) character file.

Game seed: 8852193733259726606

48 Aksej the Skirmisher (level 3, -2/29 HPs)
             Began as a Demonspawn Monk on Feb 12, 2022.
             Slain by a gnoll (5 damage)
             ... on level 2 of the Dungeon.
             The game lasted 00:04:51 (1679 turns).

Aksej the Skirmisher (Demonspawn Monk)              Turns: 1679, Time: 00:04:52

Health: -2/29      AC:  2    Str: 11    XL:     3   Next: 50%
Magic:  0/3        EV: 13    Int: 11    God:
Gold:   101        SH:  0    Dex: 17    Spells: 1/2 levels left

rFire   . . .      SeeInvis .   a - +0 falchion
rCold   . . .      Faith    .   (no shield)
rNeg    . . .      Spirit   +   b - +0 robe
rPois   .          Reflect  .   (no helmet)
rElec   .          Harm     .   (no cloak)
rCorr   .          Rampage  .   (no gloves)
Will    .....                   (no boots)
Stlth   ++........              e - amulet of guardian spirit
HPRegen 0.09/turn               (no ring)
MPRegen 0.08/turn               (no ring)

@: invisible
A: foul stench 1
a: no special abilities


You were on level 2 of the Dungeon.
You visited 1 branch of the dungeon, and saw 2 of its levels.

You collected 101 gold pieces.

Inventory:

Hand Weapons
 a - a +0 falchion (weapon)
Armour
 b - a +0 robe (worn)
Jewellery
 e - an amulet of guardian spirit (around neck)
Potions
 f - a potion of haste {unknown}
 g - a potion of curing {unknown}


   Skills:
 * Level 3.5 Fighting
 + Level 3.0 Long Blades
 * Level 3.4 Dodging
 + Level 1.9 Stealth


You had one spell level left.
You knew the following spells:

 Your Spells              Type           Power      Damage    Failure   Level
a - Foxfire               Conj/Fire      0%         2x1d4     34%         1

Your spell library contained the following spells:

 Spells                   Type           Power      Damage    Failure   Level
 Beastly Appendage        Tmut           0%         N/A       34%         1
 Wereblood                Tmut           0%         N/A       47%         2
 Conjure Flame            Conj/Fire      0%         6-21      71%         3
 Inner Flame              Hex/Fire       0%         N/A       71%         3
 Spider Form              Tmut/Pois      0%         N/A       71%         3
 Flame Wave               Conj/Fire      0%         2d4       98%         4


Dungeon Overview and Level Annotations

Branches:
Dungeon (2/15)

Altars:


Innate Abilities, Weirdness & Mutations

You may rarely emit foul miasma when damaged in melee.


Message History

Confirm with . or Enter, or press ? or * to list all spells.
You conjure some foxfire!
The gnoll shouts!
The foxfire hits the gnoll.
The gnoll is lightly wounded.
The foxfire hits the gnoll but does no damage.
The gnoll is lightly wounded.
Casting: Foxfire (safe; 34% risk of failure)
Confirm with . or Enter, or press ? or * to list all spells.
You conjure some foxfire!
The foxfire hits the gnoll.
The gnoll is moderately wounded.
A gnoll comes into view. It is wielding a +0 halberd.
The foxfire hits the gnoll.
The gnoll is heavily wounded.
Your magical contamination has completely faded away.
You hit the gnoll.
The gnoll is heavily wounded.
The gnoll hits you with a +0 flail.
You hit the gnoll.
The gnoll is severely wounded.
The gnoll barely misses you.
You closely miss the gnoll. You hit the gnoll but do no damage.
The gnoll hits you with a +0 whip.
You closely miss the gnoll. The gnoll hits you with a +0 whip.
The gnoll barely misses you.
You fade into invisibility!
The gnoll misses you.
The gnoll shouts!
You hit the gnoll.
The gnoll is lightly wounded.
The gnoll hits you with a +0 whip!
The gnoll hits you from afar with a +0 halberd!
* * * LOW HITPOINT WARNING * * *
As you read the scroll labelled KODERH ADAPE, it crumbles to dust.
It is a scroll of amnesia.
Really abort (and waste the scroll)?
Okay, then.
The gnoll barely misses you.
The gnoll hits you from afar with a +0 halberd.
You die...

####### #.....#
#.....# #######
#.....# ##.....##
#.....###.......## #@#
#.........# ##g#
#.........# ####g.#
#......)..#
#..g..#####.........##
#.##.#...............≈
.. #.#...###..>......≈
...
#<#.>.##.........#≈ ..
..#..............#≈ .
.##..............#≈


You could see 3 gnolls.

Vanquished Creatures
  2 adders (D:2)
  4 endoplasms
  2 giant cockroaches (D:1)
  A goblin (D:1)
  4 hobgoblins
  2 jackals (D:2)
  3 quokkas
  A ball python (D:1)
  3 bats (D:1)
  2 frilled lizards (D:2)
  2 kobolds (D:1)
  2 rats (D:1)
28 creatures vanquished.

Vanquished Creatures (others)
  21 foxfires (D:2)
21 creatures vanquished.

Grand Total: 49 creatures vanquished

Notes
Turn   | Place    | Note
-------+----------+-------------------------------------------
     0 | D:1      | Aksej the Demonspawn Monk began the quest for the Orb.
     0 | D:1      | Reached XP level 1. HP: 18/18 MP: 1/1
   263 | D:1      | Found a faded altar of an unknown god.
   410 | D:1      | Gained mutation: You may rarely emit foul miasma when
                  | damaged in melee. [demonic ancestry]
   410 | D:1      | Reached XP level 2. HP: 14/24 MP: 2/2
   969 | D:1      | Learned a level 1 spell: Foxfire
  1054 | D:2      | Reached XP level 3. HP: 16/29 MP: 0/3
  1679 | D:2      | Slain by a gnoll

Illustrated notes

Levels and vault maps discovered:
D:1:      psy_arrival_dodecagon, layout_basic,
          hellmonk_ecumenical_altar_crossroads
D:2:      layout_rooms, minmay_crystal_water

Skill      XL: |  1  2  3 |
---------------+----------+-----
Dodging        | 3 |  3.4
Long Blades    | 3 |  3.0
Fighting       | |  3.5
Stealth        | |  1.9

Action                   || total
-------------------------++-------
Melee: Falchion          ||    94
       Punch             ||     1
 Cast: Foxfire           ||    12
  Use: Scroll            ||     2
       Potion            ||     1
 Stab: Sleeping          ||     3
Armor: Robe              ||    12
Dodge: Dodged            ||    85
